 Dungeon Crawl Stone Soup version 0.25-a0-1130-g3926558f3a (webtiles) character file.

Game seed: 17754679778491029334, levelgen mode: deterministic

1056 Flugslaktarn the Chopper (level 8, 0/75 HPs)
             Began as a Gargoyle Berserker on May 19, 2020.
             Was a Believer of Trog.
             Slain by a yak (6 damage)
             ... on level 10 of the Dungeon.
             The game lasted 00:06:15 (1156 turns).

Flugslaktarn the Chopper (Gargoyle Berserker)       Turns: 1156, Time: 00:06:15

Health: 0/75       AC: 16    Str: 21    XL:     8   Next: 26%
Magic:  8/8        EV:  9    Int:  9    God:    Trog [**....]
Gold:   92         SH:  0    Dex: 10    Spells: 7/7 levels left

rFire    . . .     SeeInvis .   a - +1 hand axe
rCold    . . .     Gourm    .   (no shield)
rNeg     + . .     Faith    .   m - +0 chain mail
rPois    ∞         Spirit   .   (no helmet)
rElec    +         Reflect  .   c - +0 cloak
rCorr    .         Harm     .   (no gloves)
MR       .....                  (no boots)
Stlth    ..........             (no amulet)
HPRegen  0.22/turn              (no ring)
MPRegen  0.11/turn              (no ring)

@: berserking (expiring), very quick
A: negative energy resistance 1, electricity resistance, unbreathing,
petrification resistance, rot immunity, AC +5
a: Berserk, Trog's Hand, Renounce Religion


You were on level 10 of the Dungeon.
You worshipped Trog.
Trog was pleased with you.
You were not hungry.

You visited 2 branches of the dungeon, and saw 9 of its levels.

You collected 92 gold pieces.

Inventory:

Hand Weapons
 a - a +1 hand axe (weapon)
Armour
 b - a +0 animal skin
 c - a +0 cloak (worn)
   (You found it on level 2 of the Dungeon)
 m - a +0 chain mail (worn)
   (You took it off an orc on level 4 of the Dungeon)
Scrolls
 h - a scroll of noise {unknown}
 i - a scroll of fear
 t - 2 scrolls of teleportation
 x - a scroll of remove curse
Potions
 d - a potion of brilliance
 f - a potion of haste {unknown}
 g - 2 potions of stabbing
 j - 2 potions of ambrosia {unknown}
Comestibles
 e - 3 rations


   Skills:
 + Level 5.6 Fighting
 * Level 6.0 Axes
 + Level 5.0 Armour
 + Level 3.8 Dodging


You had 7 spell levels left.
You didn't know any spells.
Your spell library was empty.

Dungeon Overview and Level Annotations

Branches:
Dungeon (7/15)             Temple (1/1) D:6

Altars:
Ashenzari
Cheibriados
Elyvilon
Fedhas
Gozag
Kikubaaqudgha
Makhleb
Nemelex Xobeh
Sif Muna
Trog
Uskayaw
Wu Jian
Xom
Zin


Innate Abilities, Weirdness & Mutations

You are resistant to torment.
Your stone body is resilient. (AC +5)
You are immune to poison.
You resist negative energy. (rN+)
You are resistant to electric shocks. (rElec)
You can survive without breathing.
You are immune to petrification.
You are immune to rotting.


Message History

You hit the yak.
The yak is moderately wounded.
You slash the yak! The yak completely misses you.
The yak gores you but does no damage.
You barely miss the yak.
The yak is moderately wounded.
You closely miss the yak. The yak closely misses you.
You hit the yak.
The yak is heavily wounded.
You hit the yak. The yak gores you.
* * * LOW HITPOINT WARNING * * *
You barely miss the yak.
The yak is heavily wounded.
You slash the yak! The yak gores you.
* * * LOW HITPOINT WARNING * * *
The yak gores you but does no damage.
You hit the yak.
The yak is heavily wounded.
You hit the yak. The yak gores you.
You die...

†..y.# #.# .###.#
#.# .# #.# .# #.#
.# #.# .# #.# .#
#†#####.#
###########[......#
#Y@.........######.
#Y#########........
#Y# ########. . #Y#
#..##########.#
#.........Y...#
...#...#######
#...# #...#


You could see 4 yaks.

Vanquished Creatures
  Menkaure (D:6)
  A phantom (D:6)
  An ogre (D:6)
  2 centaurs
  2 bullfrogs (D:6)
  5 killer bees (D:10)
  A crimson imp (D:6)
  A jelly (D:6)
  An orc priest (D:4)
  2 orc wizards (D:6)
  A worker ant (D:5)
  A gnoll (D:6)
  2 adders
  2 shadow imps
  An adder zombie (D:6)
  2 worms
  A dart slug (D:3)
  A leopard gecko (D:6)
  6 orcs
  A giant cockroach (D:5)
  5 goblins
  2 hobgoblins (D:2)
  4 jackals (D:2)
  2 quokkas
  3 bats
  A frilled lizard (D:1)
  A kobold (D:2)
  2 rats
55 creatures vanquished.

Notes
Turn   | Place    | Note
-------+----------+-------------------------------------------
     0 | D:1      | Flugslaktarn the Gargoyle Berserker began the quest for the
                  | Orb.
     0 | D:1      | Reached XP level 1. HP: 14/14 MP: 1/1
    68 | D:2      | Reached XP level 2. HP: 14/19 MP: 2/2
    91 | D:2      | Reached skill level 3 in Axes
   144 | D:2      | Found a glowing silver altar of Zin.
   256 | D:3      | Reached ** piety under Trog
   326 | D:3      | Reached XP level 3. HP: 23/23 MP: 3/3
   354 | D:4      | Reached XP level 4. HP: 3/29 MP: 4/4
   357 | D:4      | HP: 1/29 [orc (1)]
   448 | D:5      | Entered Level 5 of the Dungeon
   503 | D:5      | Found a shimmering altar of Xom.
   575 | D:6      | Noticed Menkaure
   575 | D:6      | Noticed a centaur
   584 | D:6      | Killed a centaur
   584 | D:6      | Reached skill level 4 in Axes
   584 | D:6      | Reached XP level 5. HP: 19/33 MP: 5/5
   591 | D:6      | Killed Menkaure
   591 | D:6      | Reached XP level 6. HP: 19/39 MP: 6/6
   612 | D:6      | Noticed a phantom
   721 | D:6      | Reached XP level 7. HP: 14/44 MP: 7/7
   721 | D:6      | Reached skill level 5 in Axes
   808 | D:6      | Reached skill level 5 in Fighting
   835 | D:6      | Found a staircase to the Ecumenical Temple.
   871 | Temple   | Entered the Ecumenical Temple
  1034 | D:7      | You fall into a shaft and drop 3 floors!
  1034 | D:10     | Entered Level 10 of the Dungeon
  1045 | D:10     | Reached XP level 8. HP: 24/50 MP: 8/8
  1063 | D:10     | Reached skill level 6 in Axes
  1109 | D:10     | Reached skill level 5 in Armour
  1129 | D:10     | Noticed a yak
  1129 | D:10     | Noticed a yak
  1129 | D:10     | Noticed a yak
  1129 | D:10     | Noticed a yak
  1156 | D:10     | Slain by a yak

Illustrated notes

Levels and vault maps discovered:
D:1:      lightli_arrival_statue_moat, layout_basic, lemuel_flame_loot_1
D:2:      layout_loops_cross, lemuel_round_altar, kennysheep_generic_room_5
D:3:      layout_loops_ring, overflow_temple_1_default, lemuel_doored_altar,
          first_ration, patterned_corridor
D:4:      layout_loops_corners, yredelemnul_forgotten_temple_becter,
          hangedman_decor_diamond_cutter, minmay_misc_feat_room
D:5:      layout_cave_pods, nicolae_overflow_crystal_walls,
          overflow_temple_1_default, chequers_serial_rivers_large_b,
          minmay_fractal_squares_5, uniq_prince_ribbit1
D:6:      layout_loops_corners, temple_pool_b, minmay_bent, uniq_menkaure,
          uniq_duvessa
D:7:      layout_loops_corners, okawaru_humans, basic_altar, grunt_livestock,
          st_stairs_5, hex_medium
D:10:     layout_basic, wad_mini_maze
Temple:   minmay_temple_bridge_abc

Skill      XL: |  1  2  3  4  5  6  7  8 |
---------------+-------------------------+-----
Axes           | 3 4 5 6 |  6.0
Dodging        | 2 3 |  3.8
Armour         | 3 4 5 |  5.0
Fighting       | 4 5 |  5.6

Action                   |  1- 3 |  4- 6 |  7- 9 || total
-------------------------+-------+-------+-------++-------
Melee: Hand axe          |    53 |   115 |   115 ||   283
Invok: Berserk           |     2 |     3 |     4 ||     9
       Trog's Hand       |       |     1 |     3 ||     4
  Use: Potion            |       |     1 |     1 ||     2
       Scroll            |       |       |    10 ||    10
 Stab: Sleeping          |     1 |       |       ||     1
  Eat: Chunk             |       |     4 |     1 ||     5
       Ration            |       |       |     2 ||     2
Armor: Animal skin       |    30 |       |       ||    30
       Chain mail        |       |   107 |    80 ||   187
Dodge: Dodged            |    39 |    84 |    80 ||   203

Table legend:
 A = Non-vault XP
 B = Vault XP
 C = Vault XP percentage of total XP
 D = Non-vault monster count
 E = Vault monster count
 F = Vault count percentage of total count
                 A         B        C        D         E       F
            +---------+---------+-------+---------+---------+-------
      Total |    1012 |     497 |  32.9 |      39 |      16 |  29.1
            +---------+---------+-------+---------+---------+-------
        D:1 |       1 |       0 |   0.0 |       1 |       0 |   0.0
        D:2 |      20 |       7 |  25.9 |      10 |       4 |  28.6
        D:3 |      10 |       0 |   0.0 |       6 |       0 |   0.0
        D:4 |      52 |       0 |   0.0 |       4 |       0 |   0.0
        D:5 |      15 |      51 |  77.3 |       2 |       4 |  66.7
        D:6 |     486 |     439 |  47.5 |       9 |       8 |  47.1
        D:7 |     112 |       0 |   0.0 |       1 |       0 |   0.0
       D:10 |     316 |       0 |   0.0 |       6 |       0 |   0.0
            +---------+---------+-------+---------+---------+-------
